 Dungeon Crawl Stone Soup version 0.20.2-3-g29329e0561 (webtiles) character file.

207 Alfie the Shooter (level 5, 0/45 HPs)
             Began as a Minotaur Hunter on Aug 21, 2020.
             Slain by an orc wizard
             ... wielding a +0 dagger
              (2 damage)
             ... on level 4 of the Dungeon.
             The game lasted 00:06:47 (2278 turns).

Alfie the Shooter (Minotaur Hunter)                 Turns: 2278, Time: 00:06:48

Health: 0/45       AC:  3    Str: 17    XL:     5   Next: 54%
Magic:  4/4        EV: 12    Int:  8    God:
Gold:   229        SH:  0    Dex: 11    Spells: 4/4 levels left

rFire    . . .     SeeInvis +   b - +1 short sword
rCold    . . .     Gourm    .   (no shield)
rNeg     . . .     Faith    .   c - +0 leather armour
rPois    .         Spirit   .   (helmet restricted)
rElec    .         Reflect  .   (no cloak)
rCorr    .         Harm     .   (no gloves)
MR       .....                  (no boots)
Stlth    +.........             g - amulet of rage
Regen    0.2/turn               m - ring of see invisible
MPRegen  0.1/turn               (no ring)

@: about to teleport
A: retaliatory headbutt, horns 2
a: Evoke Berserk Rage


You were on level 4 of the Dungeon.
You were not hungry.

You visited 1 branch of the dungeon, and saw 4 of its levels.

You collected 229 gold pieces.

Inventory:

Hand Weapons
 a - a +1 shortbow
 b - a +1 short sword (weapon)
Missiles
 d - 5 arrows
Armour
 c - a +0 leather armour (worn)
Jewellery
 g - an amulet of rage (around neck)
 m - a ring of see invisible (left hand)
Scrolls
 h - a scroll of remove curse
 n - a scroll of enchant weapon
Potions
 e - a potion of might {unknown}
 k - a potion of berserk rage {unknown}
 l - a potion of brilliance {unknown}
 o - a potion of curing {unknown}
 p - a potion of cancellation {unknown}
 q - a potion of agility
 r - a potion of magic {unknown}
Comestibles
 f - 4 bread rations
 i - 2 meat rations


   Skills:
 + Level 3.2 Fighting
 + Level 1.4 Short Blades
 + Level 6.4 Bows
 + Level 2.3 Armour
 + Level 2.5 Dodging
 + Level 0.7 Stealth


You had 4 spell levels left.
You didn't know any spells.

Dungeon Overview and Level Annotations

Branches:
Dungeon (4/15)
 Temple: D:4-7

Altars:

Annotations:
D:4 Alfie's ghost, amateur MiHu


Innate Abilities, Weirdness & Mutations

You reflexively headbutt those who attack you in melee.
You have a pair of horns on your head.


Message History

The orc wizard closely misses you. The adder skeleton misses you.
You barely miss the orc wizard.
The orc wizard is almost dead.
The orc wizard hits you but does no damage.
The orc wizard barely misses you.
The adder skeleton bites you but does no damage.
The orc wizard gestures at you while chanting.
The puff of frost hits you!
The orc wizard points at you and mumbles some strange words.
The puff of frost hits you!
* * * LOW HITPOINT WARNING * * *
The orc wizard gestures at you while chanting.
The puff of frost hits you!
* * * LOW HITPOINT WARNING * * *
As you read the scroll of teleportation, it crumbles to dust.
You feel strangely unstable. The orc wizard barely misses you.
You furiously retaliate!
You headbutt the orc wizard.
The adder skeleton bites you but does no damage.
The orc wizard hits you with a dagger.
You die...

.....[..# ..
........# ...
....(...# ....
....((.<#####....
#+#....o......#
#....oo.....#
#.....†.....#
+.....oZo...#
#......@....#
.......###+##
........# ..)....
....... .......
....... .......


You could see an orc warrior, 2 orc wizards, 2 orcs and an adder skeleton.

Vanquished Creatures
  3 orc priests
  Jessica (D:2)
  4 adders
  2 worms (D:2)
  2 dart slugs
  An orc (D:4)
  3 giant cockroaches
  7 goblins
  6 hobgoblins
  3 quokkas
  4 bats
  3 frilled lizards
  6 kobolds
  5 rats
50 creatures vanquished.

Notes
Turn   | Place    | Note
-------+----------+-------------------------------------------
     0 | D:1      | Alfie the Minotaur Hunter began the quest for the Orb.
     0 | D:1      | Reached XP level 1. HP: 18/18 MP: 0/0
   112 | D:1      | Reached XP level 2. HP: 25/25 MP: 1/1
   151 | D:1      | Reached skill level 5 in Bows
   679 | D:2      | Noticed Jessica
   697 | D:2      | HP: 1/25 [Jessica/nerve-wracking pain (13)]
   700 | D:2      | Killed Jessica
   700 | D:2      | Reached XP level 3. HP: 1/30 MP: 2/2
  1190 | D:2      | Reached skill level 1 in Armour
  1272 | D:2      | Reached XP level 4. HP: 37/37 MP: 3/3
  1373 | D:2      | Reached skill level 6 in Bows
  2152 | D:4      | Noticed an orc warrior
  2164 | D:3      | Reached XP level 5. HP: 27/45 MP: 4/4
  2170 | D:3      | Reached skill level 1 in Short Blades
  2238 | D:4      | Noticed Alfie's ghost (amateur MiHu)
  2277 | D:4      | HP: 1/45 [orc wizard/puff of frost (7)]
  2278 | D:4      | Slain by an orc wizard

Skill      XL: |  1  2  3  4  5 |
---------------+----------------+-----
Bows           | 5 6 |  6.4
Armour         | 1 2 |  2.3
Fighting       | 3 |  3.2
Short Blades   | 1 |  1.4
Dodging        | |  2.5
Stealth        | |  0.7

Action                   |  1- 3 |  4- 6 || total
-------------------------+-------+-------++-------
Melee: Short sword       |    20 |    29 ||    49
       Headbutt          |     1 |     5 ||     6
 Fire: Shortbow          |    58 |    23 ||    81
  Use: Potion            |     2 |       ||     2
       Scroll            |     2 |     6 ||     8
  Eat: Royal jelly       |       |     2 ||     2
Armor: Leather armour    |     8 |    10 ||    18
Dodge: Dodged            |    19 |    29 ||    48
